 Dungeon Crawl Stone Soup version 0.26-a0-639-g72c4674329 (webtiles) character file.

Game seed: 2736024030015514861

21 nullius the Firebug (level 2, -5/20 HPs)
             Began as a Draconian Fire Elementalist on Sept 18, 2020.
             Slain by a worm (8 damage)
             ... on level 1 of the Dungeon.
             The game lasted 00:04:08 (834 turns).

nullius the Firebug (Draconian Fire Elementalist)    Turns: 834, Time: 00:04:09

Health: -5/20      AC:  4    Str: 10    XL:     2   Next: 62%
Magic:  4/5        EV: 12    Int: 15    God:
Gold:   63         SH:  0    Dex: 11    Spells: 4/5 levels left

rFire    . . .     SeeInvis .   b - +0 club
rCold    . . .     Faith    .   (no shield)
rNeg     . . .     Spirit   .   (armour unavailable)
rPois    .         Reflect  .   (helmet restricted)
rElec    .         Harm     .   (no cloak)
rCorr    .         Rampage  .   (no gloves)
MR       .....                  (no boots)
Stlth    ++........             (no amulet)
HPRegen  0.06/turn              (no ring)
MPRegen  0.09/turn              (no ring)

@: lethally poisoned (-5 -> -9)
A: unfitting armour, cold-blooded, AC +4
a: no special abilities


You were on level 1 of the Dungeon.
You visited 1 branch of the dungeon, and saw 2 of its levels.

You collected 63 gold pieces.

Inventory:

Hand Weapons
 b - a +0 club (weapon)
Jewellery
 c - a cursed ring of teleportation
Scrolls
 d - a scroll of identify
 f - a scroll of teleportation {unknown}
 h - a scroll of amnesia {unknown}
Potions
 a - a potion of heal wounds {unknown}
 e - a potion of curing {unknown}
 g - a potion of mutation {unknown}
 i - a potion of haste {unknown}


   Skills:
 - Level 1.9 Dodging
 - Level 1.7 Stealth
 + Level 2.4 Spellcasting
 + Level 1.1 Conjurations
 + Level 3.4 Fire Magic


You had 4 spell levels left.
You knew the following spells:

 Your Spells              Type           Power        Failure   Level
a - Foxfire               Conj/Fire      #...         9%          1

Your spell library contained the following spells:

 Spells                   Type           Power        Failure   Level
 Conjure Flame            Conj/Fire      #.......     26%         3
 Inner Flame              Hex/Fire       #.......     30%         3
 Sticky Flame             Conj/Fire      #.......     63%         4
 Fireball                 Conj/Fire      #.........   93%         5


Dungeon Overview and Level Annotations

Branches:
Dungeon (2/15)

Altars:
Elyvilon


Innate Abilities, Weirdness & Mutations

Your plain brown scales are hard. (AC +4)
You cannot fit into any form of body armour.
You are cold-blooded and may be slowed by cold attacks.


Message History

You are lethally poisoned!
The adder poisons you! The adder bites you but does no damage.
The worm misses you.
* * * LOW HITPOINT WARNING * * *
You feel sick.
The foxfire hits the worm.
The worm is lightly wounded.
The foxfire hits the worm.
The worm is lightly wounded.
The adder closely misses you.
You climb upwards.
There is a stone staircase leading down here.
You hit the worm.
The worm is moderately wounded.
* * * LOW HITPOINT WARNING * * *
You feel sick. The adder barely misses you. The worm misses you.
The adder bites you but does no damage.
You hit the worm. You tail-slap the worm.
The worm is heavily wounded.
The adder closely misses you. The worm bites you!
You die...

.......####.#..###.#
#.#.......#.#......#
#....#.##.#.##..####
#.##.#.##.#.##..#
#.........#.##..#
######.####.##..#########
.....#.# #.##..........#
####.#.####.###.w######.#####
# #.#.#.......S@# #.#...# #
#...#.##.##.#.# #.#.#.# #
#..##.#.......######.#.#.#
#.....#....)..........†#.#
#....÷...#.#########.###.##
########..........##....(.#
######## #.#.#.......########
#.....(# #.#.#.#######
#......####.#.#)#


You could see a worm and an adder.

Vanquished Creatures
  A leopard gecko (D:1)
  A ball python (D:1)
  3 bats (D:1)
  2 giant cockroaches (D:1)
  5 goblins (D:1)
  4 hobgoblins
  A frilled lizard (D:1)
17 creatures vanquished.

Vanquished Creatures (others)
  39 foxfires
39 creatures vanquished.

Grand Total: 56 creatures vanquished

Notes
Turn   | Place    | Note
-------+----------+-------------------------------------------
     0 | D:1      | nullius the Draconian Fire Elementalist began the quest for
                  | the Orb.
     0 | D:1      | Reached XP level 1. HP: 14/14 MP: 3/3
   243 | D:1      | Reached XP level 2. HP: 20/20 MP: 1/5
   771 | D:2      | Found a white marble altar of Elyvilon.
   834 | D:1      | Slain by a worm

Illustrated notes

Levels and vault maps discovered:
D:1:      lightli_arrival_statuegarden, layout_basic
D:2:      layout_rooms, elyvilon_altar_4, minmay_fractal_squares_5

Action                   || total
-------------------------++-------
Melee: Club              ||     3
       Tailslap          ||     1
 Cast: Foxfire           ||    28
  Use: Scroll            ||     1
Armor: Skin              ||     8
Dodge: Dodged            ||    13

Table legend: (Time is in decaauts)
 A = Elapsed time spent in this place.
 B = Non-inter-level travel time spent in this place.
 C = Inter-level travel time spent in this place.
 D = Time resting spent in this place.
 E = Time spent auto-exploring this place.
 F = Levels seen in this place.
 G = Mean time per level.
                   A        B        C        D        E       F      G
               +--------+--------+--------+--------+--------+-----+--------+
         Total |    835 |    820 |     15 |    150 |    552 |   2 |  417.5 |
       Dungeon |    835 |    820 |     15 |    150 |    552 |   2 |  417.5 |
               +--------+--------+--------+--------+--------+-----+--------+

Top non-repeatable levels by time:
     D:1: 820 daAuts
     D:2: 15 daAuts
